 Dungeon Crawl Stone Soup version 0.24.0-13-gcf9b3192b9 (webtiles) character file.

Game seed: 2860871991487038578, levelgen mode: deterministic

940 Acheron the Sneak (level 8, 0/40 HPs)
             Began as a Vine Stalker Assassin on Nov 6, 2019.
             Slain by a manticore (4 damage)
             ... on level 10 of the Dungeon.
             The game lasted 00:26:56 (4918 turns).

Acheron the Sneak (Vine Stalker Assassin)           Turns: 4918, Time: 00:26:57

Health: 0/40       AC:  7    Str: 13    XL:     8   Next: 12%
Magic:  0/10       EV: 10    Int: 12    God:
Gold:   323        SH:  0    Dex: 18    Spells: 9/9 levels left

rFire    . . .     SeeInvis .   w - +1 war axe
rCold    . . .     Gourm    .   (no shield)
rNeg     . . .     Faith    .   v - +0 scale mail
rPois    .         Spirit   +   (no helmet)
rElec    .         Reflect  .   c - +0 cloak
rCorr    .         Harm     .   (no gloves)
MR       +....                  (no boots)
Stlth    +++.......             (no amulet)
HPRegen  0.53/turn              (no ring)
MPRegen  0.12/turn              (no ring)

@: hasted, very quick
A: fangs 3, regeneration 1, magic shield, antimagic bite, no potion heal 3, rot
immunity
a: no special abilities


You were on level 10 of the Dungeon.
You were not hungry.

You visited 1 branch of the dungeon, and saw 10 of its levels.

You collected 323 gold pieces.

Inventory:

Hand Weapons
 a - a +2 dagger
 w - a +1 war axe (weapon)
 y - a +0 trident
 z - a +0 short sword of electrocution
Missiles
 d - 61 poisoned darts
 e - 2 curare-tipped darts
 g - 123 stones
 p - 6 boomerangs (quivered)
 D - 7 sling bullets
Armour
 b - a +0 robe
 c - a +0 cloak (worn)
 n - a +0 shield
 v - a +0 scale mail (worn)
Magical Staves
 m - an uncursed staff of summoning {unknown}
Jewellery
 s - a +4 ring of intelligence {unknown}
Wands
 F - a wand of iceblast (7)
 G - a wand of digging (4)
Scrolls
 h - a scroll of fear
 l - 5 scrolls of identify
 t - a scroll of fog
 B - 2 scrolls of amnesia {unknown}
 C - a scroll of teleportation {unknown}
 E - a scroll of remove curse
Potions
 i - 2 potions of agility {unknown}
 j - 7 potions of curing
 k - a potion of brilliance
 q - a potion of magic
 r - 2 potions of flight {unknown}
 u - a potion of heal wounds
 A - 2 potions of cancellation {unknown}
Comestibles
 f - 9 rations
 o - 9 chunks of flesh


   Skills:
 * Level 3.0 Fighting
 + Level 3.1 Short Blades
 * Level 2.4 Axes
 * Level 3.2 Throwing
 * Level 2.1 Armour
 * Level 2.7 Dodging
 * Level 7.5 Stealth
 * Level 1.2 Shields
 * Level 1.2 Spellcasting
 * Level 0.4 Evocations


You had 9 spell levels left.
You didn't know any spells.
Your spell library contained the following spells:

 Spells                   Type           Power        Failure   Level  Hunger
 Summon Small Mammal      Summ           #...         80%         1    ##.....
 Call Imp                 Summ           #.......     91%         2    ###....
 Call Canine Familiar     Summ           #.......     99%         3    ####...
 Summon Guardian Golem    Hex/Summ       #.......     99%         3    ####...
 Summon Ice Beast         Ice/Summ       #.......     100%        4    #####..
 Summon Lightning Spire   Summ/Air       #.......     100%        4    #####..


Dungeon Overview and Level Annotations

Branches:
Dungeon (10/15)
 Temple: D:4-7         Lair: D:8-11         Orc: D:9-12

Altars:
Ashenzari
Hepliaklqana

Annotations:
D:5 2 runed translucent doors


Innate Abilities, Weirdness & Mutations

You have razor-sharp teeth.
Your natural rate of healing is unusually fast.
When hurt, damage is shared between your health and your magic reserves.
Your bite disrupts and absorbs the magic of your enemies.
Potions cannot restore your health.
You are immune to rotting.


Message History

You feel yourself speed up.
The necrophage hits you but does no damage.
A human comes into view.
The manticore bites you!! The manticore barely misses you. x2
You hit the manticore but do no damage. You bite the manticore.
You drain its power.
You feel invigorated.
The manticore is lightly wounded.
You barely miss the necrophage. The necrophage hits you.
You hit the manticore but do no damage.
You bite the manticore, but do no damage.
The manticore is lightly wounded.
You barely miss the necrophage. The manticore barely misses you.
The manticore closely misses you. The manticore claws you!
The necrophage hits you but does no damage.
You barely miss the manticore.
The manticore is lightly wounded.
You hit the necrophage. The manticore bites you!!
* * * LOW HITPOINT WARNING * * *
The manticore barely misses you. The manticore claws you.
You die...

......... ........# .
........# .. ........#
H.. ........# ....
........##..#
............# ......Hn#
.# ....[..@##..#
............#
........#....ยง.
...a......#####..###.p..
..........# #..# #..
..........# #..# #..#
..........# #..# #..#
..........# #..# #..#
..........# #..# #..#


You could see a manticore, a human and a necrophage.

Vanquished Creatures
  A phantom (D:5)
  3 ogres
  A centaur (D:5)
  A bullfrog (D:8)
  A scorpion (D:9)
  A howler monkey (D:5)
  A crimson imp (D:4)
  A bullfrog skeleton (D:9)
  A hound (D:9)
  An orc wizard (D:4)
  An iguana (D:10)
  A worker ant (D:5)
  4 adders
  3 gnolls
  An ooze (D:7)
  2 adder zombies (D:5)
  2 adder skeletons
  4 worms
  3 dart slugs
  3 leopard geckos
  11 orcs
  2 ball pythons (D:3)
  6 bats
  5 giant cockroaches
  A goblin (D:1)
  8 hobgoblins
  6 jackals (D:3)
  4 kobolds
  2 quokkas
  6 frilled lizards
  10 rats
97 creatures vanquished.

Notes
Turn   | Place    | Note
-------+----------+-------------------------------------------
     0 | D:1      | Acheron the Vine Stalker Assassin began the quest for the
                  | Orb.
     0 | D:1      | Reached XP level 1. HP: 11/11 MP: 2/2
   123 | D:1      | Reached skill level 5 in Stealth
   152 | D:1      | Reached XP level 2. HP: 15/15 MP: 3/3
   772 | D:2      | Reached XP level 3. HP: 12/18 MP: 1/4
  1480 | D:2      | Reached skill level 1 in Dodging
  2018 | D:3      | Reached skill level 6 in Stealth
  2043 | D:3      | Found a hazy altar of Hepliaklqana.
  2127 | D:4      | Gained mutation: Your natural rate of healing is unusually
                  | fast. [Vine Stalker growth]
  2127 | D:4      | Reached XP level 4. HP: 7/23 MP: 2/5
  2435 | D:5      | Entered Level 5 of the Dungeon
  2435 | D:5      | Noticed a centaur
  2462 | D:5      | Killed a centaur
  2462 | D:5      | Reached XP level 5. HP: 27/27 MP: 6/6
  2547 | D:5      | Noticed a phantom
  2582 | D:5      | Killed a phantom
  2582 | D:5      | Reached skill level 1 in Armour
  2582 | D:5      | Reached XP level 6. HP: 17/32 MP: 4/7
  2633 | D:5      | Found a runed translucent gate.
  2635 | D:5      | Found a runed translucent gate.
  2796 | D:4      | Reached skill level 7 in Stealth
  3644 | D:4      | Reached skill level 1 in Axes
  3644 | D:4      | Reached XP level 7. HP: 35/35 MP: 8/8
  3968 | D:5      | Found a shattered altar of Ashenzari.
  4136 | D:5      | Reached skill level 1 in Spellcasting
  4421 | D:8      | Noticed a wyvern
  4567 | D:10     | Entered Level 10 of the Dungeon
  4644 | D:9      | Reached skill level 1 in Shields
  4644 | D:9      | Gained mutation: You have razor-sharp teeth. [Vine Stalker
                  | growth]
  4644 | D:9      | Reached XP level 8. HP: 28/40 MP: 6/10
  4781 | D:9      | Noticed a troll
  4907 | D:10     | Noticed a manticore
  4918 | D:10     | Slain by a manticore

Levels and vault maps discovered:
D:1:      nagdon_arrival_double_spiral, layout_basic
D:2:      layout_loops_ring, first_ration, minmay_ruptured
D:3:      layout_loops_ring, old_standard_altar
D:4:      layout_basic, uniq_blork_the_orc
D:5:      lemuel_upstairs_altar, layout_loops_ring,
          nicolae_overflow_crystal_walls, gammafunk_ghost_necromancy,
          kennysheep_generic_room_10
D:6:      layout_rooms, kennysheep_mini_moat, minmay_temple_entry_fiery
D:7:      layout_gridville, chequers_temple_overflow_statue_of_worship
D:8:      layout_basic, due_lair_maze_entry_diamond, uniq_prince_ribbit1,
          uniq_grum, uniq_erica
D:9:      layout_irregular_city
D:10:     layout_long_grid, david_orc_3, hangedman_stone_soup, uniq_nergalle

Skill      XL: |  1  2  3  4  5  6  7 |
---------------+----------------------+-----
Stealth        | 5 6 7 |  7.5
Throwing       | 2 3 |  3.2
Short Blades   | 2 3 |  3.1
Dodging        | 1 2 |  2.7
Fighting       | 2 3 |  3.0
Armour         | 1 2 |  2.1
Axes           | 1 2 |  2.4
Spellcasting   | 1 |  1.2
Shields        | 1 |  1.2
Evocations     | |  0.4

Action                   |  1- 3 |  4- 6 |  7- 9 || total
-------------------------+-------+-------+-------++-------
Melee: Dagger            |   130 |    57 |    32 ||   219
       Bite              |    23 |    35 |    28 ||    86
       War axe           |       |    80 |    47 ||   127
Throw: Boomerang         |       |    17 |     5 ||    22
  Use: Scroll            |     7 |     3 |     1 ||    11
       Potion            |       |       |     1 ||     1
 Stab: Sleeping          |    17 |     5 |     5 ||    27
       Distracted        |       |     1 |       ||     1
  Eat: Chunk             |     2 |       |     4 ||     6
       Ration            |     1 |     1 |       ||     2
Armor: Robe              |    24 |    31 |       ||    55
       Scale mail        |       |     9 |    34 ||    43
Dodge: Dodged            |    91 |   112 |    55 ||   258
